Map: Magannatha LE

Players

ManlyManMeat - Winner!

  • Race: Protoss Protoss
  • Spawn Location: 5:00

anjin

  • Race: Terran Terran
  • League: Gold
  • Spawn Location: 11:00

VOD

Have the link to the VOD?

Description

Time

  • Played on: May 16, 2025, 5:23 a.m.
  • Length: 12:38
Show
View Real Time Build Order
Export as new Build Order

ManlyManMeat Protoss - Winner!

Build Orders:  

Get SALT Encoding   

  12  0:00  Probe  
  13  0:12  Probe  
  14  0:17  Pylon  
  14  0:23  Probe  
  15  0:31  Probe  
  15  0:37  Gateway  
  16  0:48  Probe  
  17  0:54  Gateway  
  17  1:01  Probe  
  18  1:10  Assimilator  
  18  1:14  Assimilator  
  18  1:18  Probe  
  19  1:24  Zealot  
  21  1:32  Probe  
  22  1:40  Cybernetics Core  
  22  2:05  Probe  
  22  2:07  Warp Gate  
  23  2:08  Nexus  
  23  2:16  Pylon  
  23  2:23  Stalker  
  22  2:31  Stalker  
  26  2:38  Probe  
  27  2:50  Probe  
  28  3:01  Stalker  
  28  3:03  Robotics Facility  
  30  3:17  Stalker  
  30  3:18  Probe, Pylon  
  33  3:30  Probe x2  
  35  3:40  Stalker  
  35  3:42  Probe x2  
  39  3:57  Sentry  
  39  4:00  Observer  
  39  4:01  Probe  
  42  4:05  Probe  
  42  4:09  Probe  
  44  4:17  Probe  
  46  4:19  Twilight Council  
  46  4:40  Stargate  
  46  4:41  Charge  
  46  4:42  Assimilator  
  46  4:43  Probe x2, Assimilator  
  48  4:53  Pylon  
  48  4:55  Probe x2  
  48  4:58  Shield Battery, Zealot  
  48  4:59  Zealot, Pylon  
  54  5:11  Warp Prism  
  56  5:20  Zealot  
  56  5:21  Zealot  
  50  5:36  Probe  
  50  5:37  Probe  
  52  5:44  Probe  
  52  5:49  Probe  
  58  6:04  Void Ray  
  58  6:07  Stargate  
  58  6:08  Zealot x2  
  62  6:16  Nexus  
  62  6:28  Pylon  
  62  6:36  Pylon  
  62  6:37  Pylon  
  62  6:56  Zealot x2  
  66  7:14  Void Ray  
  61  7:18  Gateway  
  61  7:19  Void Ray, Gateway x2  
  65  7:22  Gateway  
  63  7:45  Probe x3  
  63  7:47  Void Ray  
  66  7:53  Probe x3  
  73  7:59  Void Ray  
  73  8:01  Probe  
  78  8:20  Templar Archives  
  78  8:23  Assimilator  
  78  8:24  Assimilator  
  78  8:58  Probe x3  
  78  9:02  Pylon  
  81  9:03  Pylon  
  81  9:06  Pylon  
  81  9:09  Pylon  
  81  9:10  Probe x2  
  71  9:41  Probe x3  
  71  9:45  High Templar x2  
  76  9:46  High Templar x2  
  76  9:48  Zealot  
  76  9:49  Zealot  
  76  9:51  Gateway  
  86  9:53  Probe x2  
  86  9:54  Gateway  
  86  9:57  Gateway  
  86  9:59  Gateway  
  88  10:02  Gateway  
  88  10:05  Gateway x2  
  88  10:08  Probe x3, Gateway  
  91  10:20  Probe x3  
  92  10:21  Pylon  
  89  10:28  Zealot  
  89  10:29  Zealot x2  
  89  10:30  Zealot x2  
  97  10:41  Archon  
  97  10:43  Archon  
  97  10:47  High Templar x2  
  97  10:48  High Templar  
  97  10:49  High Templar  
  105  10:52  Archon  
  105  10:53  Archon  
  104  11:30  Pylon  
  104  11:31  Pylon  
  104  11:33  Pylon  
  104  11:34  Pylon  
  104  11:35  Pylon  
  104  11:36  High Templar  
  104  11:37  High Templar  
  104  11:38  High Templar, Pylon  
  110  11:43  Archon  
  110  11:47  Zealot x6  
  94  12:20  Zealot x6  
  94  12:21  Zealot x3  
Show
View Real Time Build Order
Export as new Build Order

anjin Terran 

Build Orders:  

Get SALT Encoding   

  12  0:00  SCV  
  13  0:18  Supply Depot  
  13  0:20  SCV  
  14  0:32  SCV  
  14  0:33  Refinery  
  15  0:42  Barracks  
  15  0:46  SCV  
  16  0:54  Refinery  
  16  1:02  Supply Depot  
  16  1:07  SCV  
  17  1:19  SCV  
  18  1:31  SCV  
  19  1:38  Barracks Tech Lab  
  19  1:48  Factory  
  19  1:50  SCV  
  20  1:59  Marauder  
  22  2:02  Concussive Shells  
  22  2:11  SCV  
  22  2:12  Supply Depot  
  23  2:21  Marauder  
  25  2:35  Factory Reactor  
  25  2:37  Starport  
  25  2:48  Armory  
  25  3:02  SCV  
  26  3:22  Factory Tech Lab  
  26  3:30  Medivac x2  
  30  3:50  Thor  
  36  4:00  Marauder  
  38  4:07  Orbital Command  
  38  4:19  Command Center  
  38  4:48  Supply Depot, Marauder  
  40  5:01  SCV, Engineering Bay  
  41  5:13  SCV  
  40  5:25  SCV  
  33  5:39  Siege Tank  
  36  5:44  Barracks  
  36  5:46  Barracks  
  36  6:01  Orbital Command  
  36  6:04  Stimpack  
  36  6:10  SCV  
  36  6:11  Siege Tank  
  40  6:16  Missile Turret  
  40  6:22  SCV, Marauder  
  43  6:43  Barracks Reactor  
  43  6:44  Barracks Reactor  
  43  6:48  Missile Turret  
  43  6:57  Marine  
  42  7:15  Marine  
  43  7:22  Missile Turret  
  43  7:23  Missile Turret  
  43  7:32  Marine  
  43  7:35  Orbital Command  
  41  7:46  Combat Shield  
  41  7:51  Marauder  
  43  7:54  Marine x4  
  47  8:06  SCV  
  47  8:07  SCV  
  47  8:12  Marine x2  
  51  8:18  SCV  
  51  8:19  SCV  
  53  8:20  Missile Turret  
  53  8:21  Missile Turret  
  53  8:26  Barracks  
  53  8:30  SCV  
  53  8:31  SCV  
  53  8:33  Engineering Bay  
  55  8:42  SCV  
  55  8:43  SCV  
  57  8:53  Missile Turret  
  57  8:55  SCV x2  
  59  9:07  SCV, Missile Turret  
  59  9:09  Missile Turret  
  52  9:39  Missile Turret  
  52  9:40  Missile Turret  
  52  9:41  Missile Turret  
  52  9:44  Hi-Sec Auto Tracking  
  52  9:46  Terran Infantry Armor Level 1  
  52  9:48  Supply Depot  
  52  9:50  Supply Depot  
  52  10:05  Barracks Reactor  
  52  10:08  SCV  
  52  10:09  SCV  
  52  10:11  Marine x3  
  52  10:12  Marauder, Marine  
  60  10:14  Missile Turret  
  60  10:20  SCV  
  60  10:21  SCV  
  62  10:29  Marine x3  
  62  10:30  Marine  
  62  10:33  SCV, Marauder  
  53  10:43  Terran Infantry Weapons Level 1  
  53  10:46  Marine x3  
  53  10:47  Marine x3  
  53  10:48  Supply Depot  
  59  10:54  Marine  
  60  11:04  Marine x3  
  58  11:05  Marine x3  
  58  11:10  Refinery  
  64  11:11  Refinery  
  64  11:12  Marine  
  65  11:22  Marine x3  
  65  11:23  Marine x3  
  65  11:25  Barracks x2, Medivac x2  
  75  11:30  Marine  
  75  11:32  Supply Depot  
  76  11:39  Marine  
  76  11:40  Marine x4  
  76  11:41  Marine  
  82  11:48  Marine  
  83  11:55  Medivac x2  
  83  11:56  SCV  
  83  11:57  Marine x2  
  83  11:58  Marine x3  
  81  12:08  SCV  
  64  12:12  Marine x4  
  64  12:15  Marine x3  
  47  12:16  Marine x2  
Tags
 
League
Gold
Matchup
PvT
Spawn Locations
Cross Positions
Add a new tag
Caveats
  • Supply blocks, unpowered buildings, or Contaminate may cause inaccurate times.
  • Supply counts are checked every 10 seconds.